 Dungeon Crawl Stone Soup version 0.27.0-1-g7a089689b8 (webtiles) character file.

Game seed: 6501327096690116579

56 fiver49 the Chopper (level 4, 0/33 HPs)
             Began as a Formicid Warper on Aug 2, 2021.
             Was a Follower of Zin.
             Succumbed to an adder's poison
             ... on level 3 of the Dungeon.
             The game lasted 00:02:52 (2505 turns).

fiver49 the Chopper (Formicid Warper)               Turns: 2505, Time: 00:02:53

Health: 0/33       AC:  3    Str: 22    XL:     4   Next: 17%
Magic:  7/7        EV: 11    Int: 13    God:    Zin [*.....]
Gold:   57         SH:  0    Dex: 10    Spells: 7/7 levels left

rFire    . . .     SeeInvis +   a - +0 hand axe
rCold    . . .     Faith    .   (no shield)
rNeg     . . .     Spirit   .   b - +0 leather armour
rPois    +         Reflect  .   (helmet unavailable)
rElec    .         Harm     .   (no cloak)
rCorr    .         Rampage  .   (no gloves)
Will     .....                  (no boots)
Stlth    +.........             (no amulet)
HPRegen  0.11/turn              e - +6 ring of strength
MPRegen  0.10/turn              (no ring)

@: lethally poisoned (0 -> -2)
A: permanent stasis, dig shafts and tunnels, antennae 3, four strong arms,
poison resistance
a: Dig, Shaft Self, Renounce Religion, Recite, Donate Gold


You were on level 3 of the Dungeon.
You worshipped Zin.
Zin was aware of your devotion.
You visited 1 branch of the dungeon, and saw 4 of its levels.

You collected 63 gold pieces.
You donated 6 gold pieces to Zin.

Inventory:

Hand Weapons
 a - a +0 hand axe (weapon)
Missiles
 c - 5 boomerangs of dispersal
Armour
 b - a +0 leather armour (worn)
Jewellery
 e - a +6 ring of strength (left hand)
Scrolls
 g - a scroll of identify {unknown}
 h - a scroll of enchant armour {unknown}


   Skills:
 - Level 2.1 Fighting
 + Level 4.1 Axes
 - Level 1.0 Throwing
 - Level 1.1 Armour
 - Level 1.7 Dodging
 - Level 2.1 Spellcasting
 - Level 2.6 Translocations


You had 7 spell levels left.
You didn't know any spells.
Your spell library contained the following spells:

 Spells                   Type           Power      Damage    Failure   Level
 Gell's Gravitas          Tloc           4%         N/A       28%         3
 Lesser Beckoning         Tloc           4%         N/A       28%         3
 Teleport Other           Tloc           8%         N/A       28%         3
 Manifold Assault         Tloc           8%         N/A       95%         5
 Blink                    Tloc           Unusable   N/A       N/A         2

Dungeon Overview and Level Annotations

Branches:
Dungeon (4/15)
 Temple: D:4-7

Altars:
Uskayaw
Zin


Innate Abilities, Weirdness & Mutations

You cannot be hasted, slowed, berserked, paralysed or teleported.
You can dig through walls and to a lower floor.
You have a pair of large antennae on your head. (SInv)
Your four strong arms can wield two-handed weapons with a shield.
Your system is resistant to poisons. (rPois)


Message History

The stone barely misses you. The adder bites you.
You feel sick.
You feel sick.
You feel sick. The adder bites you but does no damage.
You feel sick.
You are too injured to fight recklessly!
You are too injured to fight recklessly!
You barely miss the adder.
You feel sick.
You are no longer poisoned.
The adder bites you but does no damage.
You completely miss the adder. The adder bites you.
You are poisoned.
The adder poisons you! The adder bites you but does no damage.
You barely miss the adder.
You feel sick. The adder bites you but does no damage.
You closely miss the adder.
You feel sick. The adder completely misses you.
It was a potion of mutation.
You feel extremely strange.
You feel resistant to poisons.
Zin forgives your inadvertent chaotic act, just this once.
You feel sick. The adder bites you.
* * * LOW HITPOINT WARNING * * *
The adder closely misses you.
It was a potion of curing.
You feel better. The adder closely misses you.
You miss the adder. The adder misses you.
You barely miss the adder.
You hear the rusting of a drain nearby.
The adder bites you.
* * * LOW HITPOINT WARNING * * *
You are poisoned.
The adder poisons you! The adder bites you.
* * * LOW HITPOINT WARNING * * *
You miss the adder.
* * * LOW HITPOINT WARNING * * *
You feel sick. The adder bites you but does no damage.
You fail to use your ability.
* * * LOW HITPOINT WARNING * * *
You feel sick. The adder completely misses you. The adder bites you.
* * * LOW HITPOINT WARNING * * *
You miss the adder.
You die...

......) #.# (......
#.# .......##.#
..........# #..
######...# ###.#
#...⌠#...# .##.#
#...##..K# .##.#
#._....#S# ..#.#
#...####@#### ..#.#
#...⌠###....#
..#.##########....#.#
#.......#####.†...# #
##..###.#...'.....#
#.†# #.#.###.....#
##.# #.#)# #.....#
#>###'#'###.....#
###.............+


You could see an adder and a kobold.

Vanquished Creatures
  An adder (D:4)
  An ufetubus (D:4)
  An adder skeleton (D:4)
  A dart slug (D:1)
  An orc (D:3)
  2 endoplasms (D:2)
  2 giant cockroaches (D:1)
  3 goblins (D:2)
  5 hobgoblins
  2 jackals (D:1)
  2 quokkas (D:1)
  3 ball pythons
  3 bats
  2 frilled lizards
  3 kobolds
  A rat (D:2)
33 creatures vanquished.

Notes
Turn   | Place    | Note
-------+----------+-------------------------------------------
     0 | D:1      | fiver49 the Formicid Warper began the quest for the Orb.
     0 | D:1      | Reached XP level 1. HP: 16/16 MP: 3/3
   468 | D:1      | You fall into a shaft and drop 1 floor!
   503 | D:2      | Reached XP level 2. HP: 22/22 MP: 5/5
  1013 | D:1      | Found a faded altar of an unknown god.
  1021 | D:1      | Became a worshipper of Zin the Law-Giver
  1021 | D:1      | Reached * piety under Zin
  1041 | D:1      | Reached skill level 3 in Axes
  1430 | D:1      | Reached XP level 3. HP: 25/27 MP: 6/6
  2037 | D:2      | You fall into a shaft and drop 2 floors!
  2172 | D:4      | Reached skill level 4 in Axes
  2172 | D:4      | Reached XP level 4. HP: 23/33 MP: 7/7
  2476 | D:3      | Found a hide-covered altar of Uskayaw.
  2499 | D:3      | Gained mutation: Your system is resistant to poisons.
                  | (rPois) [potion of mutation]
  2504 | D:3      | HP: 1/33 [adder (1)]
  2505 | D:3      | Succumbed to an adder's poison

Illustrated notes

Levels and vault maps discovered:
D:1:      scummos_arrival_checkerplants, layout_loops_ring,
          shapermc_ecumenical_altar_flowoftime
D:2:      layout_loops_cross
D:3:      layout_basic, mainiacjoe_overflow_alcove_2,
          mainiacjoe_overflow_catwalk, portal_sewer_entry_f
D:4:      layout_cave_pools, minmay_temple_entry_arrows, serial_undead,
          serial_undead_a, serial_undead_f, serial_undead_b, serial_undead_c,
          minmay_crystal_water, minmay_bisected

Skill      XL: |  1  2  3 |
---------------+----------+-----
Axes           | 3 4 |  4.1
Fighting       | |  2.1
Throwing       | |  1.0
Armour         | |  1.1
Dodging        | |  1.7
Spellcasting   | |  2.1
Translocations | |  2.6

Action                   |  1- 3 |  4- 6 || total
-------------------------+-------+-------++-------
Melee: Hand axe          |   108 |    33 ||   141
  Use: Potion            |       |     2 ||     2
Armor: Leather armour    |    39 |    14 ||    53
Dodge: Dodged            |    69 |    25 ||    94
